 Dungeon Crawl Stone Soup version 0.27-a0-681-g0c81a3c1c3 (webtiles) character file.

Game seed: 7985129291881532121

58 robertstho the Covered (level 3, -4/34 HPs)
             Began as a Deep Dwarf Fighter on Mar 19, 2021.
             Killed by divine providence
             ... invoked by an orc priest
              (13 damage)
             ... on level 2 of the Dungeon.
             The game lasted 00:01:16 (703 turns).

robertstho the Covered (Deep Dwarf Fighter)          Turns: 703, Time: 00:01:17

Health: -4/34      AC: 11    Str: 20    XL:     3   Next: 75%
Magic:  3/3        EV:  3    Int:  8    God:
Gold:   43         SH:  9    Dex: 12    Spells: 2/2 levels left

rFire    . . .     SeeInvis .   a - +0 war axe
rCold    . . .     Faith    .   c - +0 kite shield
rNeg     . . .     Spirit   .   i - +0 plate armour
rPois    .         Reflect  .   (no helmet)
rElec    .         Harm     .   (no cloak)
rCorr    .         Rampage  .   (no gloves)
Will     .....                  (no boots)
Stlth    ..........             (no amulet)
HPRegen  0.00/turn              (no ring)
MPRegen  0.08/turn              (no ring)

@: non-regenerating
A: damage resistance, heal wounds, sense surroundings 1, no regeneration
a: Heal Wounds


You were on level 2 of the Dungeon.
You visited 1 branch of the dungeon, and saw 2 of its levels.

You collected 43 gold pieces.

Inventory:

Hand Weapons
 a - a +0 war axe (weapon)
Armour
 c - a +0 kite shield (worn)
 i - a +0 plate armour (worn)
Wands
 m - a wand of flame (27)
Scrolls
 f - a scroll of acquirement {unknown}
 j - a scroll of torment {unknown}
 l - a scroll of random uselessness {unknown}
 n - a scroll of identify
 p - a scroll of blinking {unknown}
 r - 3 scrolls of teleportation {unknown}
Potions
 b - a potion of brilliance {unknown}
 d - a potion of might
 e - a potion of heal wounds
 g - a potion of mutation {unknown}
 h - a potion of resistance {unknown}
 k - a potion of degeneration {unknown}
 o - a potion of lignification {unknown}
 q - a potion of haste {unknown}


   Skills:
 * Level 3.2 Fighting
 + Level 2.8 Axes
 * Level 4.1 Armour
 + Level 0.1 Dodging
 + Level 3.5 Shields


You had 2 spell levels left.
You didn't know any spells.
Your spell library contained the following spells:

 Spells                   Type           Power      Damage    Failure   Level
 Magic Dart               Conj           0%         1d3       100%        1
 Blink                    Tloc           N/A        N/A       100%        2
 Call Imp                 Summ           0%         N/A       100%        2
 Slow                     Hex            0%         N/A       100%        2
 Conjure Flame            Conj/Fire      0%         6-21      100%        3
 Mephitic Cloud           Conj/Pois/Air  0%         N/A       100%        3


Dungeon Overview and Level Annotations

Branches:
Dungeon (2/15)

Altars:


Innate Abilities, Weirdness & Mutations

You are resistant to damage.
You can heal yourself by infusing magical energy.
You passively map a small area around you.
You do not regenerate.


Message History

You block the orc priest's attack.
You closely miss the orc priest. You block the orc priest's attack.
The orc priest miscasts a cantrip.
You closely miss the orc priest. You block the orc priest's attack.
The orc priest calls down the wrath of Beogh upon you.
Pain shoots through your body!
You slash the orc priest!
The orc priest is severely wounded.
The orc priest invokes the aid of Beogh against you.
Beogh smites you!
The orc priest casts a cantrip, but nothing happens.
You hit the orc priest.
You kill the orc priest!
You closely miss the orc priest. You block the orc priest's attack.
The orc priest barely misses you.
Your plate armour prevents you from hitting the orc priest.
The orc priest hits you but does no damage.
You slash the orc priest!
The orc priest is severely wounded.
The orc priest casts a cantrip, but nothing happens.
The orc priest hits you but does no damage.
You barely miss the orc priest.
The orc priest is severely wounded.
The orc priest calls down the wrath of Beogh upon you.
Beogh smites you!
* * * LOW HITPOINT WARNING * * *
The orc priest calls down the wrath of Beogh upon you.
Pain shoots through your body!
You feel much better.
The orc priest invokes the aid of Beogh against you.
Beogh smites you!
Unknown command.
You fail to use your ability.
The orc priest hits you with a +0 flail.
* * * LOW HITPOINT WARNING * * *
Unknown command.
You fail to use your ability.
The orc priest calls down the wrath of Beogh upon you.
Beogh smites you!
You die...

, .#####.....####. '
, ,.'..............
, ,, ######.#.......
#.########
#################.#*
*
..................#
,, ,
........oo#########
, #.......#o#* ,, ,
#.8...8o#@# ** ,
#......o#.#*,*
#....o.o#.#
#.......#.# * **
#.8...8.#.#* ,
#.......#.# ,
##.....##.#* ,, * *
* ⌠ #.# ,, , ,


You could see an orc priest and 2 orcs.

Vanquished Creatures
  An orc priest (D:2)
  A dart slug (D:1)
  An orc (D:2)
  3 bats
  A giant cockroach (D:1)
  5 hobgoblins
  4 jackals (D:2)
  4 kobolds
  2 goblins (D:1)
  A rat (D:1)
23 creatures vanquished.

Notes
Turn   | Place    | Note
-------+----------+-------------------------------------------
     0 | D:1      | robertstho the Deep Dwarf Fighter began the quest for the
                  | Orb.
     0 | D:1      | Reached XP level 1. HP: 20/20 MP: 1/1
   177 | D:1      | Reached XP level 2. HP: 25/27 MP: 2/2
   645 | D:2      | Reached skill level 4 in Armour
   692 | D:2      | Reached XP level 3. HP: 34/34 MP: 3/3
   703 | D:2      | Killed from afar by an orc priest

Illustrated notes

Levels and vault maps discovered:
D:1:      lightli_arrival_statuegarden, layout_rooms
D:2:      cheibrodos_pilgrimage, layout_basic

Skill      XL: |  1  2 |
---------------+-------+-----
Fighting       | 3 |  3.2
Armour         | 4 |  4.1
Axes           | |  2.8
Dodging        | |  0.1
Shields        | |  3.5

Action                   || total
-------------------------++-------
Melee: War axe           ||    81
 Abil: Heal Wounds       ||     3
  Use: Scroll            ||     1
Armor: Scale mail        ||     9
       Plate armour      ||    43
Dodge: Dodged            ||    19
Block: Kite shield       ||    44

Table legend: (Time is in decaauts)
 A = Elapsed time spent in this place.
 B = Non-inter-level travel time spent in this place.
 C = Inter-level travel time spent in this place.
 D = Time resting spent in this place.
 E = Time spent auto-exploring this place.
 F = Levels seen in this place.
 G = Mean time per level.
                   A        B        C        D        E       F      G
               +--------+--------+--------+--------+--------+-----+--------+
         Total |    753 |    717 |     36 |      0 |    483 |   2 |  376.5 |
       Dungeon |    753 |    717 |     36 |      0 |    483 |   2 |  376.5 |
               +--------+--------+--------+--------+--------+-----+--------+

Top non-repeatable levels by time:
     D:1: 554 daAuts
     D:2: 199 daAuts
